 Dungeon Crawl Stone Soup version 0.21.1-1-g345015f (webtiles) character file.

347 Fang the Chopper (level 6, -3/58 HPs)
             Began as a Gargoyle Berserker on July 23, 2018.
             Was a Believer of Trog.
             Slain by an ooze (4 damage)
             ... on level 2 of the Dungeon.
             The game lasted 00:03:08 (1323 turns).

Fang the Chopper (Gargoyle Berserker)               Turns: 1323, Time: 00:03:08

Health: -3/58      AC: -1    Str: 28    XL:     6   Next: 59%
Magic:  6/6        EV: 12    Int:  7    God:    Trog [**....]
Gold:   131        SH:  0    Dex:  9    Spells: 5/5 levels left

rFire    . . .     SeeInvis .   a - +0 hand axe
rCold    . . .     Gourm    .   (no shield)
rNeg     + . .     Faith    .   b - +0 animal skin
rPois    ∞         Spirit   .   (no helmet)
rElec    +         Reflect  .   (no cloak)
rCorr    .         Harm     .   (no gloves)
MR       .....                  (no boots)
Stlth    ..........             (no amulet)
HPRegen  0.19/turn              (no ring)
MPRegen  0.10/turn              (no ring)

@: berserking (expiring), corroded, very quick
A: negative energy resistance 1, electricity resistance, unbreathing,
petrification resistance, rot immunity, AC +4
a: Berserk, Trog's Hand, Burn Spellbooks, Renounce Religion


You were on level 2 of the Dungeon.
You worshipped Trog.
Trog was pleased with you.
You were very hungry.

You visited 1 branch of the dungeon, and saw 2 of its levels.

You collected 131 gold pieces.

Inventory:

Hand Weapons
 a - a +0 hand axe (weapon)
Armour
 b - a +0 animal skin (worn)
Jewellery
 k - an uncursed ring of resist corrosion {unknown}
Scrolls
 e - 2 scrolls of fear {unknown}
 f - a scroll of identify {unknown}
 g - 2 scrolls of remove curse {unknown}
 j - 3 scrolls of noise {unknown}
 m - a scroll of random uselessness {unknown}
Potions
 d - 2 potions of invisibility {unknown}
 h - a potion of ambrosia {unknown}
 i - a potion of brilliance {unknown}
 l - a potion of mutation {unknown}
Comestibles
 c - 3 rations


   Skills:
 + Level 4.4 Fighting
 + Level 5.3 Axes
 + Level 2.3 Armour
 + Level 2.6 Dodging
 + Level 1.0 Stealth


You had 5 spell levels left.
You didn't know any spells.

Dungeon Overview and Level Annotations

Branches:
Dungeon (2/15)

Altars:
Makhleb
Qazlal


Innate Abilities, Weirdness & Mutations

You are resistant to torment.
Your stone body is resilient. (AC +4)
You are immune to poison.
You resist negative energy. (rN+)
You are resistant to electric shocks. (rElec)
You can survive without breathing.
You are immune to petrification.
You are immune to rotting.


Message History

The jelly misses you.
You barely miss the jelly.
The jelly is almost dead.
You slash the ooze! You hit the ooze.
You kill the ooze!
Trog accepts your kill.
You hit the ooze. The ooze hits you.
* * * LOW HITPOINT WARNING * * *
The jelly barely misses you. The ooze hits you.
* * * LOW HITPOINT WARNING * * *
You hit the jelly.
You kill the jelly!
Trog accepts your kill.
Your Stealth skill increases to level 1!
You hit the ooze.
You kill the ooze!
Trog accepts your kill.
You hit the ooze. The ooze hits you.
You die...

#### ###########
#(..÷..##.#######
#P.P.P÷#.#.#....#####
#..÷...#.#.#.....##.#
#.÷P.P.#)#'#......'..
#......#.#.......))..
#PP.J..#.#.......)(.. #
#...@..#.#.......##(#
#############P...÷.'##......#####
...........##..÷.÷.##########
♣♣♣..############### #####
P♣♣♣..## ### ### ..#.### .......#
#.### #.# #.#...# ..♣♣##.# #...#
#.# #.#.#.. ♣♣♣.##.# #.#># #.##
#.#.#.# #...##.# #.#.# ###..#
#.#.#.#


You could see an ooze.

Vanquished Creatures
  Sigmund (D:2)
  3 jellies (D:2)
  2 adders (D:2)
  6 oozes (D:2)
  A worm (D:2)
  A dart slug (D:1)
  A leopard gecko (D:1)
  2 giant cockroaches (D:1)
  2 goblins (D:1)
  4 hobgoblins
  2 jackals (D:1)
  A quokka (D:2)
  5 bats (D:1)
  3 frilled lizards (D:2)
  11 kobolds
  3 rats
  2 fungi (D:2)
50 creatures vanquished.

Vanquished Creatures (others)
  7 toadstools (D:2)
7 creatures vanquished.

Grand Total: 57 creatures vanquished

Notes
Turn   | Place    | Note
-------+----------+-------------------------------------------
     0 | D:1      | Fang the Gargoyle Berserker began the quest for the Orb.
     0 | D:1      | Reached XP level 1. HP: 14/14 MP: 1/1
   120 | D:1      | Reached XP level 2. HP: 19/19 MP: 2/2
   237 | D:1      | Reached skill level 3 in Axes
   552 | D:1      | Reached XP level 3. HP: 24/24 MP: 3/3
   625 | D:1      | Reached ** piety under Trog
  1004 | D:2      | Noticed Sigmund
  1015 | D:2      | Killed Sigmund
  1015 | D:2      | Reached skill level 4 in Axes
  1015 | D:2      | Reached XP level 4. HP: 23/29 MP: 4/4
  1015 | D:2      | Reached XP level 5. HP: 26/33 MP: 5/5
  1169 | D:2      | Found a burning altar of Makhleb.
  1181 | D:2      | Reached XP level 6. HP: 32/38 MP: 6/6
  1221 | D:2      | Found a stormy altar of Qazlal.
  1281 | D:2      | Reached skill level 5 in Axes
  1321 | D:2      | HP: 1/58 [ooze (2)]
  1322 | D:2      | Reached skill level 1 in Stealth
  1323 | D:2      | Slain by an ooze

Skill      XL: |  1  2  3  4  5  6 |
---------------+-------------------+-----
Axes           | 3 4 5 |  5.3
Fighting       | 4 |  4.4
Dodging        | 2 |  2.6
Stealth        | 1 |  1.0
Armour         | |  2.3

Action                   |  1- 3 |  4- 6 || total
-------------------------+-------+-------++-------
Melee: Hand axe          |    93 |    40 ||   133
Invok: Berserk           |     1 |     1 ||     2
  Eat: Chunk             |       |     2 ||     2
Armor: Animal skin       |    41 |    20 ||    61
Dodge: Dodged            |    61 |    28 ||    89
